SL
PHILADELPHIA 1776 BC @ FT. WORTH CATTLEMEN
04/22/2030
 
TOP OF THE 1ST
Philadelphia 1776 BC batting - Pitching for Ft. Worth Cattlemen : RHP Dave Reed
Pitching: RHP Dave Reed
Batting: LHB José Rodríguez 0-0: Called Strike
0-1: Called Strike
0-2: Foul Ball, location: 2F
0-2: Ball
1-2: Ball
2-2: Ball
3-2: Base on Balls
Batting: LHB Tony Vega 0-0: Ball
1-0: Ball
2-0: Swinging Strike
2-1: Called Strike
2-2: Foul Ball, location: 2F
2-2: Foul Ball, location: 2F
2-2: SINGLE (Groundball, 6MD)
José Rodríguez to second
Runner from 2nd tries for 3rd, SAFE after rundown.
Batting: LHB Manoo Satyavrat 0-0: Ball
1-0: Foul Ball, location: 2F
1-1: Fly out, F9 (Line Drive, 9)
Runner from 3rd tags up, OUT at HOME
Tony Vega to second
Batting: LHB Jeff Rutherford 0-0: Called Strike
0-1: Called Strike
0-2: Strikes out swinging
Top of the 1st over - 0 runs, 1 hit, 0 errors, 1 left on base; Philadelphia 1776 0 - Ft. Worth 0
BOTTOM OF THE 1ST
Ft. Worth Cattlemen batting - Pitching for Philadelphia 1776 BC : RHP Tony Solíz
Pitching: RHP Tony Solíz
Batting: LHB Nobuo Yamashita 0-0: Called Strike
0-1: Fly out, F8 (Flyball, 78XD)
Batting: RHB Jesús Martínez 0-0: Swinging Strike
0-1: Swinging Strike
0-2: Ball
1-2: Foul Ball, location: 2F
1-2: Ball
2-2: Strikes out swinging
Batting: RHB Bart Lewis 0-0: Ball
1-0: Ball
2-0: Ground out 5-3 (Groundball, 56)
Bottom of the 1st over - 0 runs, 0 hits, 0 errors, 0 left on base; Philadelphia 1776 0 - Ft. Worth 0
TOP OF THE 2ND
Philadelphia 1776 BC batting - Pitching for Ft. Worth Cattlemen : RHP Dave Reed
Batting: LHB Chase Popoff 0-0: Ball
1-0: Ball
2-0: Called Strike
2-1: Ball
3-1: Reached on error, E1 (Groundball, 15S)
Batting: RHB Kevin Malone 0-0: Foul Ball, location: 2F
0-1: SINGLE (Line Drive, 7S)
Chase Popoff to second
Batting: RHB Patrizio Vanali 0-0: Ball
1-0: Foul Ball, location: 2F
1-1: Fly out, F8 (Flyball, 8RS)
Batting: RHB Kent Summey 0-0: Ball
1-0: Foul Ball, location: 2F
1-1: Fielders Choice at 2nd, 5-4 (Groundball, 56)
Chase Popoff to third
Batting: RHB António Granados 0-0: Ball
1-0: Ground out 4-3 (Groundball, 34)
Top of the 2nd over - 0 runs, 1 hit, 1 error, 2 left on base; Philadelphia 1776 0 - Ft. Worth 0
BOTTOM OF THE 2ND
Ft. Worth Cattlemen batting - Pitching for Philadelphia 1776 BC : RHP Tony Solíz
Batting: LHB Rick Mayfield 0-0: Foul Ball, location: 2F
0-1: Swinging Strike
0-2: Ball
1-2: Ball
2-2: Fly out, F8 (Flyball, 8RS)
Batting: SHB Marcos Roa 0-0: Called Strike
0-1: Called Strike
0-2: Ball
1-2: Ball
2-2: Strikes out swinging
Batting: RHB Tim Burney 0-0: Foul Ball, location: 2F
0-1: Ball
1-1: Ball
2-1: Fly out, F4 (Line Drive, 4)
Bottom of the 2nd over - 0 runs, 0 hits, 0 errors, 0 left on base; Philadelphia 1776 0 - Ft. Worth 0
TOP OF THE 3RD
Philadelphia 1776 BC batting - Pitching for Ft. Worth Cattlemen : RHP Dave Reed
Batting: LHB José Rodríguez 0-0: SINGLE (Groundball, 34D)
Batting: LHB Tony Vega 0-0: Called Strike
0-1: DOUBLE (Flyball, 7LD)
José Rodríguez to third
Batting: LHB Manoo Satyavrat 0-0: Swinging Strike
0-1: Swinging Strike
0-2: Strikes out looking
Batting: LHB Jeff Rutherford 0-0: Ball
1-0: Called Strike
1-1: Ground out 4-3 (Groundball, 4)
José Rodríguez scores
Tony Vega to third
Batting: LHB Chase Popoff 0-0: Called Strike
0-1: Fly out, F8 (Flyball, 78M)
Top of the 3rd over - 1 run, 2 hits, 0 errors, 1 left on base; Philadelphia 1776 1 - Ft. Worth 0
BOTTOM OF THE 3RD
Ft. Worth Cattlemen batting - Pitching for Philadelphia 1776 BC : RHP Tony Solíz
Batting: SHB Roberto Mosca 0-0: Ball
1-0: Swinging Strike
1-1: Ball
2-1: Ground out U3 (Groundball, 34)
Batting: SHB Robby Day 0-0: Ball
1-0: Called Strike
1-1: Swinging Strike
1-2: Ball
2-2: Fly out, F9 (Flyball, 89M)
Batting: RHB Orlando Montoya 0-0: Ball
1-0: Ball
2-0: Ball
3-0: Called Strike
3-1: Base on Balls
Batting: LHB Nobuo Yamashita 0-0: Ball
1-0: Ball
2-0: Called Strike
2-1: Foul Ball, location: 2F
2-2: Foul Ball, location: 2F
2-2: Foul Ball, location: 2F
Pickoff Throw to First - Out!
Bottom of the 3rd over - 0 runs, 0 hits, 0 errors, 0 left on base; Philadelphia 1776 1 - Ft. Worth 0
TOP OF THE 4TH
Philadelphia 1776 BC batting - Pitching for Ft. Worth Cattlemen : RHP Dave Reed
Batting: RHB Kevin Malone 0-0: Ball
1-0: Ball
2-0: Foul Ball, location: 2F
2-1: Ball
3-1: DOUBLE (Line Drive, 78M)
Batting: RHB Patrizio Vanali 0-0: Ball
1-0: Foul Ball, location: 2F
1-1: Foul Ball, location: 2F
1-2: Hit by Pitch
Batting: RHB Kent Summey 0-0: Called Strike
0-1: Called Strike
0-2: SINGLE (Line Drive, 9LM)
Kevin Malone to third
Patrizio Vanali to second
Batting: RHB António Granados 0-0: Fly out, F8 (Flyball, 8LM)
Runner from 3rd tags up, SCORES, throw made
Batting: LHB José Rodríguez 0-0: SINGLE (Groundball, 34D)
Patrizio Vanali to third
Kent Summey to second
Runner from 3rd tries for Home, SAFE, no throw
Batting: LHB Tony Vega 0-0: Ball
1-0: Ball
2-0: Fielders Choice at 2nd, 3-6 (Groundball, 3)
Kent Summey to third
Batting: LHB Manoo Satyavrat 0-0: Ball
1-0: Ball
2-0: Ball
3-0: Called Strike
3-1: Foul Ball, location: 2F
3-2: Foul Ball, location: 2F
3-2: Fly out, F6 (Popup, 6MD)
Top of the 4th over - 2 runs, 3 hits, 0 errors, 2 left on base; Philadelphia 1776 3 - Ft. Worth 0
BOTTOM OF THE 4TH
Ft. Worth Cattlemen batting - Pitching for Philadelphia 1776 BC : RHP Tony Solíz
Batting: LHB Nobuo Yamashita 0-0: Foul Ball, location: 2F
0-1: Foul Ball, location: 2F
0-2: Ball
1-2: Ball
2-2: Strikes out swinging, 2-3 out at first.
Batting: RHB Jesús Martínez 0-0: Fly out, F8 (Flyball, 8RD)
Batting: RHB Bart Lewis 0-0: Ball
1-0: Foul Ball, location: 2F
1-1: Called Strike
1-2: Ball
2-2: Ball
3-2: Base on Balls
Batting: LHB Rick Mayfield 0-0: Ball
1-0: Ball
2-0: Ground out 4-3 (Groundball, 34)
Bottom of the 4th over - 0 runs, 0 hits, 0 errors, 1 left on base; Philadelphia 1776 3 - Ft. Worth 0
TOP OF THE 5TH
Philadelphia 1776 BC batting - Pitching for Ft. Worth Cattlemen : RHP Dave Reed
Pitching: RHP Briggs Bourgeois
Batting: LHB Jeff Rutherford 0-0: Ball
1-0: Called Strike
1-1: Ball
2-1: Foul Ball, location: 2F
2-2: Ball
3-2: Ground out 6-3 (Groundball, 6)
Batting: LHB Chase Popoff 0-0: Ball
1-0: Swinging Strike
1-1: Foul Ball, location: 2F
1-2: Ball
2-2: Strikes out swinging
Batting: RHB Kevin Malone 0-0: Called Strike
0-1: Swinging Strike
0-2: Foul Ball, location: 2F
0-2: Strikes out looking
Top of the 5th over - 0 runs, 0 hits, 0 errors, 0 left on base; Philadelphia 1776 3 - Ft. Worth 0
BOTTOM OF THE 5TH
Ft. Worth Cattlemen batting - Pitching for Philadelphia 1776 BC : RHP Tony Solíz
Pitching: LHP Pedro Garza
Batting: SHB Marcos Roa 0-0: Fly out, F8 (Flyball, 78D)
Batting: RHB Tim Burney 0-0: Swinging Strike
0-1: Swinging Strike
0-2: Foul Ball, location: 2F
0-2: Ball
1-2: Ball
2-2: Foul Ball, location: 2F
2-2: Ground out 6-3 (Groundball, 6)
Batting: SHB Roberto Mosca 0-0: Foul Ball, location: 2F
0-1: Called Strike
0-2: Ball
1-2: Ball
2-2: Fly out, F9 (Flyball, 9)
Bottom of the 5th over - 0 runs, 0 hits, 0 errors, 0 left on base; Philadelphia 1776 3 - Ft. Worth 0
TOP OF THE 6TH
Philadelphia 1776 BC batting - Pitching for Ft. Worth Cattlemen : RHP Briggs Bourgeois
Batting: RHB Patrizio Vanali 0-0: Swinging Strike
0-1: SINGLE (Flyball, 89M)
Batting: RHB Kent Summey 0-0: Foul Ball, location: 2F
0-1: Fielders Choice at 2nd, 6-4 (Groundball, 6)
Batting: RHB António Granados 0-0: Called Strike
0-1: Called Strike
0-2: Foul Ball, location: 2F
0-2: Ball
1-2: Ball
2-2: Ball
3-2: Base on Balls
Kent Summey to second
Pinch Hitting: SHB Sam Quint 0-0: Fly out, F8 (Flyball, 8RS)
Pinch Hitting: RHB Fernando Rivera 0-0: 3-RUN HOME RUN (Flyball, 7D), Distance : 397 ft
Pinch Hitting: LHB Cliff Aldridge 0-0: Ball
1-0: Ground out U3 (Groundball, 3)
Top of the 6th over - 3 runs, 2 hits, 0 errors, 0 left on base; Philadelphia 1776 6 - Ft. Worth 0
BOTTOM OF THE 6TH
Ft. Worth Cattlemen batting - Pitching for Philadelphia 1776 BC : LHP Pedro Garza
Now in LF: John Schnatter
Now in CF: Sam Quint
Now in RF: Cliff Aldridge
Batting: SHB Robby Day 0-0: Ball
1-0: Ball
2-0: Foul Ball, location: 2F
2-1: Ground out 5-3 (Groundball, 56)
Batting: RHB Orlando Montoya 0-0: Foul Ball, location: 2F
0-1: Ball
1-1: Swinging Strike
1-2: Ball
2-2: Ball
3-2: Foul Ball, location: 2F
3-2: Strikes out looking
Batting: LHB Nobuo Yamashita 0-0: SINGLE (Flyball, 78M)
Batting: RHB Jesús Martínez 0-0: Ball
1-0: Ground out 1-3 (Groundball, 13)
Bottom of the 6th over - 0 runs, 1 hit, 0 errors, 1 left on base; Philadelphia 1776 6 - Ft. Worth 0
TOP OF THE 7TH
Philadelphia 1776 BC batting - Pitching for Ft. Worth Cattlemen : RHP Briggs Bourgeois
Batting: LHB Jeff Rutherford 0-0: Fly out, F5 (Flyball, 56D)
Batting: LHB Chase Popoff 0-0: Called Strike
0-1: Ball
1-1: Ball
2-1: Foul Ball, location: 2F
2-2: Ball
3-2: SINGLE (Flyball, 9S)
Batting: RHB Kevin Malone 0-0: SINGLE (Line Drive, 8LS)
Chase Popoff to second
Pitching: RHP Roberto Cavazos
Batting: RHB Patrizio Vanali 0-0: Called Strike
0-1: Swinging Strike
0-2: Strikes out swinging
Batting: RHB Kent Summey 0-0: Ball
1-0: Swinging Strike
Passed Ball!
Chase Popoff to third
Kevin Malone to second
1-1: Foul Ball, location: 2F
1-2: Ball
2-2: Strikes out swinging
Top of the 7th over - 0 runs, 2 hits, 0 errors, 2 left on base; Philadelphia 1776 6 - Ft. Worth 0
BOTTOM OF THE 7TH
Ft. Worth Cattlemen batting - Pitching for Philadelphia 1776 BC : LHP Pedro Garza
Batting: RHB Bart Lewis 0-0: Ball
1-0: Ball
2-0: Called Strike
2-1: Foul Ball, location: 2F
2-2: SINGLE (Groundball, 6MD)
Batting: LHB Rick Mayfield 0-0: Called Strike
0-1: Foul Ball, location: 2F
0-2: Fly out, F8 (Flyball, 78S)
Batting: SHB Marcos Roa 0-0: Called Strike
0-1: Ball
1-1: Fielders Choice at 2nd, 1-4 (Groundball, 15S)
Batting: RHB Tim Burney 0-0: Ball
1-0: Ball
2-0: Foul Ball, location: 2F
2-1: Ball
3-1: Base on Balls
Marcos Roa to second
Batting: SHB Roberto Mosca 0-0: Ball
1-0: Reached on error, E3 (Groundball, 34)
Marcos Roa to third
Tim Burney to second
Batting: SHB Robby Day 0-0: Called Strike
0-1: Ground out 6-3 (Groundball, 6S)
Bottom of the 7th over - 0 runs, 1 hit, 1 error, 3 left on base; Philadelphia 1776 6 - Ft. Worth 0
TOP OF THE 8TH
Philadelphia 1776 BC batting - Pitching for Ft. Worth Cattlemen : RHP Roberto Cavazos
Batting: RHB António Granados 0-0: Called Strike
0-1: Ball
1-1: Foul Ball, location: 2F
1-2: Strikes out swinging
Batting: SHB Sam Quint 0-0: Foul Ball, location: 2F
0-1: Ground out 5-3 (Groundball, 56)
Batting: RHB John Schnatter 0-0: Fly out, F8 (Flyball, 8LM)
Top of the 8th over - 0 runs, 0 hits, 0 errors, 0 left on base; Philadelphia 1776 6 - Ft. Worth 0
BOTTOM OF THE 8TH
Ft. Worth Cattlemen batting - Pitching for Philadelphia 1776 BC : LHP Pedro Garza
Batting: RHB Orlando Montoya 0-0: Foul Ball, location: 2F
0-1: Ball
1-1: Ball
2-1: Ball
3-1: Foul Ball, location: 2F
3-2: Fly out, F6 (Popup, 6MS)
Pinch Hitting: LHB Jesús Morales 0-0: Ball
1-0: Called Strike
1-1: Ground out U3 (Groundball, 3)
Pinch Hitting: RHB Lloyd Alberink 0-0: Foul Ball, location: 2F
0-1: Ball
1-1: Ball
2-1: Ball
3-1: Base on Balls
Batting: SHB Javier Vázquez 0-0: Ball
1-0: Swinging Strike
1-1: Foul Ball, location: 2F
1-2: Ball
2-2: Strikes out swinging
Bottom of the 8th over - 0 runs, 0 hits, 0 errors, 1 left on base; Philadelphia 1776 6 - Ft. Worth 0
TOP OF THE 9TH
Philadelphia 1776 BC batting - Pitching for Ft. Worth Cattlemen : RHP Roberto Cavazos
Now at 3B: Lloyd Alberink
Now at SS: Chris Etheridge
Batting: LHB Cliff Aldridge 0-0: Ball
1-0: Foul Ball, location: 2F
1-1: Ball
2-1: Ball
3-1: Base on Balls
Batting: LHB Jeff Rutherford 0-0: Called Strike
0-1: Ball
1-1: Swinging Strike
1-2: Ball
2-2: Ball
3-2: Strikes out swinging
Batting: LHB Chase Popoff 0-0: Ball
1-0: Ball
2-0: Ball
3-0: Base on Balls
Cliff Aldridge to second
Batting: RHB Kevin Malone 0-0: Called Strike
0-1: Swinging Strike
0-2: Strikes out looking
Batting: RHB Patrizio Vanali 0-0: Swinging Strike
0-1: Swinging Strike
0-2: Ball
Passed Ball!
Cliff Aldridge to third
Chase Popoff to second
1-2: Ball
2-2: Strikes out looking
Top of the 9th over - 0 runs, 0 hits, 0 errors, 2 left on base; Philadelphia 1776 6 - Ft. Worth 0
BOTTOM OF THE 9TH
Ft. Worth Cattlemen batting - Pitching for Philadelphia 1776 BC : LHP Pedro Garza
Pinch Hitting: RHB Gilberto Juárez 0-0: Called Strike
0-1: Ball
1-1: Swinging Strike
1-2: Ball
2-2: Foul Ball, location: 2F
2-2: Ball
3-2: Foul Ball, location: 2F
3-2: Foul Ball, location: 2F
3-2: Base on Balls
Pitching: RHP Apollo Cepeda
Batting: SHB Marcos Roa 0-0: Ball
Balk!
Gilberto Juárez to second
1-0: Swinging Strike
1-1: Swinging Strike
1-2: Strikes out swinging
Batting: RHB Tim Burney 0-0: Ball
1-0: Called Strike
1-1: Ball
2-1: Fly out, F9 (Flyball, 9LM)
Pinch Hitting: LHB Ryan Westlake 0-0: Reached on error, E4 (Groundball, 4D)
Gilberto Juárez to third
Batting: SHB Robby Day 0-0: Ground out 4-3 (Groundball, 34)
Bottom of the 9th over - 0 runs, 0 hits, 1 error, 2 left on base; Philadelphia 1776 6 - Ft. Worth 0
Sunday, March 18th, 2018 - OOTP Baseball 18.8 Build 76